 Dungeon Crawl Stone Soup version 0.20.1-1-g8b1a95d66d (webtiles) character file.

48037 Peloso the Blocker (level 14, -11/129 HPs)
             Began as a Minotaur Fighter on Dec 29, 2017.
             Was the Champion of Okawaru.
             Killed from afar by Frances (25 damage)
             ... with an iron shot
             ... on level 12 of the Dungeon.
             The game lasted 00:51:18 (18521 turns).

Peloso the Blocker (Minotaur Fighter)              Turns: 18521, Time: 00:51:19

Health: -11/129    AC: 19    Str: 24    XL:     14   Next: 10%
Magic:  14/14      EV: 16    Int: -1 (1) God:    Okawaru [******]
Gold:   1165       SH: 14    Dex: 12    Spells: 13/13 levels left

rFire    x . .     SeeInvis .   r - +6 double sword (protect)
rCold    + + .     Gourm    .   c - +0 shield
rNeg     . . .     Faith    .   K - +0 ice dragon scales
rPois    .         Spirit   .   G - +2 hat {MR+}
rElec    .         Reflect  .   (no cloak)
rCorr    +         Harm     .   y - +0 pair of gloves
MR       ++++.     Rnd*Rage +   h - +0 pair of boots "Wemaet" {MR++ Int-4}
Stlth    ..........             (no amulet)
Regen    0.4/turn               p - ring of resist corrosion
MPRegen  0.2/turn               A - +3 ring of evasion

@: slowed, lost intelligence, very slow
A: retaliatory headbutt, horns 2, berserk 1, mutation resistance 1
a: Heroism, Finesse, Renounce Religion


You were on level 12 of the Dungeon.
You worshipped Okawaru.
Okawaru was exalted by your worship.
You were not hungry.

You visited 3 branches of the dungeon, and saw 18 of its levels.
You also visited: Ossuary.

You collected 1419 gold pieces.
You spent 254 gold pieces at shops.

Inventory:

Hand Weapons
 b - a +2 trident of flaming
 r - a +6 double sword of protection (weapon)
Armour
 c - a +0 shield (worn)
 h - the +0 pair of boots "Wemaet" (worn) {MR++ Int-4}
   (Okawaru gifted it to you on level 2 of the Lair of Beasts)

   It affects your intelligence (-4).
   It affects your resistance to hostile enchantments.
 y - a +0 pair of gloves (worn)
 G - a +2 hat of magic resistance (worn)
 K - +0 ice dragon scales (worn)
Jewellery
 p - a ring of resist corrosion (left hand)
 u - an uncursed ring of protection from fire
 A - a +3 ring of evasion (right hand)
Wands
 l - a wand of random effects (23/48)
 D - a wand of digging (15/24)
Scrolls
 a - a scroll of identify
 e - 12 scrolls of teleportation
 g - a scroll of enchant armour
 j - a scroll of silence {unknown}
 B - 4 scrolls of blinking
 F - a scroll of recharging
 L - a scroll of remove curse
Potions
 d - 2 potions of might
 i - a potion of agility
 o - 8 potions of curing
 t - 2 potions of haste
 z - 4 potions of resistance
 C - 2 potions of invisibility
 E - 6 potions of heal wounds
 Q - a potion of flight
Miscellaneous
 I - a lamp of fire
Comestibles
 f - 17 bread rations
 k - 5 meat rations
 m - 44 fruits
 n - a chunk of flesh
 x - 6 royal jellies


   Skills:
 + Level 13.1 Fighting
   Level 2.2(9.4) Short Blades
 + Level 14.8(14.9) Long Blades
 + Level 4.0 Polearms
 + Level 13.1 Armour
 + Level 6.5 Dodging
 + Level 1.6 Stealth
 + Level 14.9 Shields
 + Level 1.8 Invocations
 + Level 0.6 Evocations


You had 13 spell levels left.
You didn't know any spells.

Dungeon Overview and Level Annotations

Branches:
Dungeon (12/15)            Temple (1/1) D:5            Lair (5/6) D:8
 Shoals (0/4) Lair:4       Spider (0/4) Lair:4        Slime (0/5) Lair:5
    Orc (0/2) D:12

Altars:
Ashenzari
Cheibriados
Dithmenos
Elyvilon
Fedhas
Gozag
Hepliaklqana
Kikubaaqudgha
Makhleb
Okawaru
Qazlal
Ru
Sif Muna
Trog
Uskayaw
Vehumet
Xom
Yredelemnul
The Shining One
Jiyva

Shops:
D:12 [(?:

Annotations:
D:12 Frances
Lair:2 exclusion: 4 oklob plants


Innate Abilities, Weirdness & Mutations

You reflexively headbutt those who attack you in melee.
You have a pair of horns on your head.
You tend to lose your temper in combat.
You are somewhat resistant to further mutation.


Message History

The iron shot hits you!
* * * LOW HITPOINT WARNING * * *
The soul eater hits you.
* * * LOW HITPOINT WARNING * * *
The shadow imp misses you. You furiously retaliate!
You headbutt the shadow imp. The orange demon closely misses you.
The soul eater completely misses you. You block the shadow imp's attack.
Frances hits you but does no damage. The neqoxec hits you.
* * * LOW HITPOINT WARNING * * *
You feel much better. Frances hits you with a short sword!
* * * LOW HITPOINT WARNING * * *
The orange demon stings you from afar.
* * * LOW HITPOINT WARNING * * *
The neqoxec hits you but does no damage.
The soul eater draws from the surrounding life force!
* * * LOW HITPOINT WARNING * * *
You block the shadow imp's attack.
Frances chants phrases taken from a devil's mouth.
The iron shot hits you!
You die...

################
#####
................
.....
..............#
.....
..(..4@3..?>[.#
.###.
......3@......#
#.
........5.....#
#.
..............#
#.
..............#
#.
..............#
#.
..............##
#.
...............#
#..# #.
.!.............#
#..# #.
...............#
#..###.


You could see Frances, a soul eater, an orange demon, a neqoxec and a shadow
imp.

Vanquished Creatures
  Gastronok (D:11)
  A dire elephant (Lair:5)
  The ghost of Willow the Cleaver, a journeyman MiFi of Okawaru (D:11)
  Fannar (Lair:3)
  An ice dragon (Lair:4)
  4 hydras
  2 two-headed ogres (D:11)
  Pikel (D:6)
  An ugly thing (D:11)
  2 manticores (D:11)
  A cyclops (D:12)
  4 merfolk sirens (Lair:4)
  16 elephants (Lair:5)
  Joseph (D:7)
  4 black mambas
  4 spiny frogs
  2 rime drakes
  7 komodo dragons
  A kobold demonologist (D:11)
  2 polar bears (Lair:4)
  3 trolls
  A hornet (D:11)
  Prince Ribbit (D:6)
  7 dream sheep (Lair:4)
  16 blink frogs
  5 hippogriffs
  Sigmund (D:4)
  2 spriggans
  5 wraiths
  A redback (Lair:4)
  43 yaks
  6 wyverns
  A steam dragon (D:8)
  Grum (D:10)
  7 water moccasins
  9 porcupines
  Duvessa (D:4)
  6 orc warriors
  4 ice beasts
  3 necrophages
  2 slaves (D:6)
  3 black bears
  A phantom (D:11)
  4 ogres
  5 wolves
  A sky beast (D:6)
  11 centaurs
  16 crocodiles
  10 bullfrogs
  Dowan (D:4)
  7 scorpions
  7 wights
  2 electric eels (Lair:1)
  A troll skeleton (D:7)
  4 howler monkeys (D:11)
  4 crimson imps
  4 bullfrog zombies
  2 quasits
  5 human zombies (D:7)
  8 orc priests
  3 bullfrog skeletons
  3 centaur skeletons
  8 hounds
  5 jellies
  11 orc wizards
  A hell rat (Lair:1)
  A human skeleton (D:7)
  4 iguanas
  10 worker ants
  A hound zombie (D:7)
  2 hound skeletons
  A worker ant zombie (D:6)
  15 adders
  A howler monkey skeleton (D:4)
  7 river rats
  A shadow imp (D:10)
  An ooze (Lair:5)
  An adder skeleton (D:7)
  2 worms
  3 dart slugs
  10 leopard geckos
  49 orcs
  8 giant cockroaches
  8 goblins
  7 hobgoblins
  10 jackals
  8 kobolds
  5 quokkas
  4 ball pythons
  A ball python skeleton (Ossuary)
  6 bats
  5 frilled lizards
  A hobgoblin skeleton (Ossuary)
  A hobgoblin zombie (Ossuary)
  A jackal skeleton (D:4)
  A kobold zombie (Ossuary)
  A leopard gecko skeleton (D:6)
  2 orc skeletons (Ossuary)
  An orc zombie (Ossuary)
  A quokka skeleton (D:7)
  13 rats
  2 fungi (D:4)
504 creatures vanquished.

Vanquished Creatures (others)
  An orc wizard (D:5)
  An orc (D:5)
  47 fungi
  11 plants
60 creatures vanquished.

Grand Total: 564 creatures vanquished

Notes
Turn   | Place    | Note
-------+----------+-------------------------------------------
     0 | D:1      | Peloso the Minotaur Fighter began the quest for the Orb.
     0 | D:1      | Reached XP level 1. HP: 19/19 MP: 0/0
    52 | D:1      | Reached XP level 2. HP: 23/27 MP: 1/1
   114 | D:1      | Gained mutation: You tend to lose your temper in combat. [potion of mutation]
   114 | D:1      | Gained mutation: You are somewhat resistant to further mutation. [potion of mutation]
   517 | D:2      | Reached XP level 3. HP: 31/33 MP: 2/2
   614 | D:2      | Found a blossoming altar of Fedhas.
   756 | D:2      | Found an opulent altar of Gozag.
   974 | D:2      | Reached XP level 4. HP: 36/40 MP: 3/3
  1519 | D:3      | Reached XP level 5. HP: 21/46 MP: 4/4
  1525 | D:3      | Reached skill level 5 in Shields
  1988 | D:3      | Found a hide-covered altar of Uskayaw.
  2049 | D:3      | Reached skill level 1 in Dodging
  2283 | D:4      | Reached skill level 5 in Long Blades
  2283 | D:4      | Reached XP level 6. HP: 53/53 MP: 5/5
  2322 | D:4      | Reached skill level 5 in Armour
  2466 | D:4      | Noticed Dowan
  2469 | D:4      | Noticed Duvessa
  2483 | D:4      | Killed Duvessa
  2492 | D:4      | HP: 2/53 [Dowan/shard of ice (11)]
  2494 | D:4      | Killed Dowan
  2494 | D:4      | Reached XP level 7. HP: 2/60 MP: 6/6
  2917 | D:4      | Noticed Sigmund
  2928 | D:4      | Killed Sigmund
  2928 | D:4      | Reached skill level 5 in Fighting
  3313 | D:4      | Found a hazy altar of Hepliaklqana.
  3356 | D:5      | Entered Level 5 of the Dungeon
  3413 | D:5      | Found a sand-covered staircase.
  3447 | Ossuary  | Entered an ossuary
  3589 | Ossuary  | Noticed a flying skull
  3589 | Ossuary  | Noticed a wraith
  3607 | Ossuary  | Noticed a flying skull
  3657 | Ossuary  | Noticed a flying skull
  3800 | Ossuary  | Noticed a wraith
  3806 | Ossuary  | Killed a wraith
  3806 | Ossuary  | Reached XP level 8. HP: 68/68 MP: 7/7
  4025 | D:5      | Found a shattered altar of Ashenzari.
  4374 | D:5      | Found a staircase to the Ecumenical Temple.
  4391 | Temple   | Entered the Ecumenical Temple
  4489 | Temple   | Became a worshipper of Warmaster Okawaru
  4585 | D:6      | Found a shadowy altar of Dithmenos.
  4587 | D:6      | Noticed Prince Ribbit
  4603 | D:6      | Killed Prince Ribbit
  5330 | D:6      | Noticed Pikel
  5383 | D:6      | Killed Pikel
  5383 | D:6      | Reached * piety under Okawaru
  5383 | D:6      | Reached skill level 1 in Short Blades
  5383 | D:6      | Reached skill level 1 in Stealth
  5383 | D:6      | Reached XP level 9. HP: 60/77 MP: 8/8
  5645 | D:6      | Found a deep blue altar of Sif Muna.
  5722 | D:6      | Found a shimmering altar of Xom.
  5820 | D:6      | Found a stormy altar of Qazlal.
  6222 | D:7      | Reached ** piety under Okawaru
  6316 | D:7      | Found a burning altar of Makhleb.
  6377 | D:7      | Noticed Joseph
  6390 | D:7      | Killed Joseph
  6471 | D:7      | Reached skill level 10 in Long Blades
  6767 | D:7      | Reached *** piety under Okawaru
  6767 | D:7      | Reached XP level 10. HP: 65/86 MP: 9/9
  7221 | D:7      | Found an ancient bone altar of Kikubaaqudgha.
  7517 | D:8      | Reached **** piety under Okawaru
  7796 | D:8      | Found a staircase to the Lair.
  8325 | D:8      | Reached skill level 5 in Dodging
  8772 | D:9      | Reached skill level 10 in Shields
  8914 | D:9      | Found a radiant altar of Vehumet.
  8968 | D:9      | Found a basalt altar of Yredelemnul.
  9339 | D:9      | Found a glowing golden altar of the Shining One.
  9487 | D:9      | Reached ***** piety under Okawaru
  9868 | D:10     | Entered Level 10 of the Dungeon
  9899 | D:10     | Reached XP level 11. HP: 84/95 MP: 10/10
 10244 | D:10     | Noticed Grum
 10258 | D:10     | Killed Grum
 10395 | D:11     | Noticed a white ugly thing
 10396 | D:11     | Noticed Willow's ghost (journeyman MiFi)
 10411 | D:11     | Killed a white ugly thing
 10411 | D:11     | Received a gift from Okawaru
 10666 | D:11     | Killed Willow's ghost
 10666 | D:11     | Reached skill level 10 in Armour
 10811 | D:11     | Noticed a two-headed ogre
 10833 | D:11     | Killed a two-headed ogre
 11112 | D:11     | Got a twisted war axe
 11113 | D:11     | Noticed Gastronok
 11138 | D:11     | Killed Gastronok
 11145 | D:11     | Identified the cursed +1 war axe of Watchfulness {chop, rPois rN+ MR+ SInv} (You found it on level 11 of the Dungeon)
 11253 | D:11     | Reached skill level 1 in Invocations
 11354 | D:11     | Noticed a two-headed ogre
 11369 | D:11     | Killed a two-headed ogre
 11497 | D:11     | Reached XP level 12. HP: 35/105 MP: 11/11
 12081 | D:11     | Received a gift from Okawaru
 12217 | Lair:1   | Entered Level 1 of the Lair of Beasts
 12564 | Lair:1   | Reached skill level 10 in Fighting
 12628 | Lair:1   | Noticed a five-headed hydra
 12644 | Lair:1   | Killed a five-headed hydra
 12852 | Lair:1   | Noticed a four-headed hydra
 12869 | Lair:1   | Killed a 14-headed hydra
 13863 | Lair:2   | Found a basalt altar of Yredelemnul.
 13910 | Lair:2   | Reached skill level 1 in Polearms
 13913 | Lair:2   | Received a gift from Okawaru
 13964 | Lair:2   | Got a pair of encrusted boots {god gift}
 13970 | Lair:2   | Identified the +0 pair of boots "Wemaet" {MR++ Int-4} (Okawaru gifted it to you on level 2 of the Lair of Beasts)
 14682 | Lair:2   | Noticed an eight-headed hydra
 14696 | Lair:2   | HP: 4/108 [eight-headed hydra (11)]
 14698 | Lair:2   | Killed an eight-headed hydra
 15252 | Lair:3   | Noticed Fannar
 15261 | Lair:3   | Killed Fannar
 15295 | Lair:3   | Reached XP level 13. HP: 116/116 MP: 13/13
 15859 | Lair:4   | Found a hole to the Spider Nest.
 16066 | Lair:4   | Found a staircase to the Shoals.
 16092 | Lair:4   | Reached ****** piety under Okawaru
 16251 | Lair:4   | Received a gift from Okawaru
 16415 | Lair:4   | Found a frozen archway.
 16881 | Lair:4   | Got a polished chain mail
 16918 | Lair:4   | Identified the +7 chain mail "Riysucwi" {Regen+ Str-4 Int+3} (You found it on level 4 of the Lair of Beasts)
 16999 | Lair:5   | Received a gift from Okawaru
 17033 | Lair:5   | Found a runed door.
 17034 | Lair:5   | Found a viscous altar of Jiyva.
 17036 | Lair:5   | Found a staircase to the Slime Pits.
 17526 | Lair:5   | Noticed a dire elephant
 17541 | Lair:5   | Killed a dire elephant
 17716 | Lair:5   | Reached XP level 14. HP: 117/127 MP: 14/14
 17721 | Lair:5   | Received a gift from Okawaru
 18338 | D:12     | Found Yri Lu Lae's Book Emporium.
 18398 | D:12     | Found Dafizxez's Magic Scroll Shop.
 18401 | D:12     | Bought a scroll of enchant armour for 127 gold pieces
 18401 | D:12     | Bought a scroll of enchant weapon for 127 gold pieces
 18442 | D:12     | Found Egimekue's Weapon Emporium.
 18442 | D:12     | Found a staircase to the Orcish Mines.
 18444 | D:12     | Found Bygyonox's Armour Emporium.
 18511 | D:12     | Noticed Frances
 18516 | D:12     | Lost intelligence.
 18521 | D:12     | Killed from afar by Frances

Skill      XL: |  1  2  3  4  5  6  7  8  9 10 11 12 13 14 |
---------------+-------------------------------------------+-----
Shields        | 4 5 6 7 9 10 12 13 14 | 14.9
Fighting       | 4 5 6 7 8 9 11 12 13 | 13.1
Armour         | 4 5 6 7 8 9 10 11 13 | 13.1
Long Blades    | 3 5 7 9 10 11 13 14 | 14.8
Dodging        | 1 2 3 4 5 6 |  6.5
Short Blades   | 1 2 |  2.2
Stealth        | 1 |  1.6
Invocations    | 1 |  1.8
Polearms       | 2 4 |  4.0
Evocations     | |  0.6

Action                   |  1- 3 |  4- 6 |  7- 9 | 10-12 | 13-15 || total
-------------------------+-------+-------+-------+-------+-------++-------
Melee: Long sword        |   122 |   129 |   265 |   297 |       ||   813
       Headbutt          |    13 |    23 |    93 |   238 |   106 ||   473
       Rapier            |       |       |   108 |       |       ||   108
       Falchion          |       |       |       |   351 |       ||   351
       Demon blade       |       |       |       |   216 |   322 ||   538
       Trident           |       |       |       |    18 |     6 ||    24
       Double sword      |       |       |       |       |    39 ||    39
Invok: Heroism           |       |       |       |     6 |     2 ||     8
Evoke: Wand              |       |       |       |     2 |     3 ||     5
  Use: Potion            |     1 |     1 |     1 |     3 |     1 ||     7
       Scroll            |     1 |       |    14 |    12 |     5 ||    32
  Eat: Chunk             |       |     5 |    14 |    27 |    10 ||    56
       Fruit             |       |       |     1 |     2 |       ||     3
Armor: Scale mail        |    76 |    46 |   121 |    74 |       ||   317
       Plate armour      |       |       |       |   260 |    64 ||   324
       Ice dragon scales |       |       |       |       |    50 ||    50
Dodge: Dodged            |    35 |    45 |    94 |   304 |   168 ||   646
Block: Shield            |    82 |    78 |   185 |   516 |   206 ||  1067
       Rpst.: Long sword |     8 |    12 |    18 |    30 |       ||    68
       Falchion          |       |       |       |    25 |       ||    25
       Demon blade       |       |       |       |    15 |    40 ||    55
       Double sword      |       |       |       |       |     2 ||     2
